 Dungeon Sprint DCSS version 0.29-a0-817-g9904bce7a6 (webtiles) character file.

Game seed: 7543800815430172814

237 wilfster70 the Cleaver (level 6, -7/61 HPs)
             Began as a Hill Orc Fighter on July 6, 2022.
             Was a Believer of Cheibriados.
             Mangled by a merfolk
             ... wielding a +0 trident
              (9 damage)
             ... in the Dungeon (Sprint V: "Ziggurat Sprint").
             The game lasted 00:02:46 (190 turns).

wilfster70 the Cleaver (Hill Orc Fighter)            Turns: 190, Time: 00:02:46

Health: -7/61      AC: 20    Str: 35    XL:     6   Next: 6%
Magic:  10/10      EV:  6    Int: 14    God:    Cheibriados [**....]
Gold:   0          SH:  5    Dex: 14    Spells: 5/5 levels left

rFire   + . .      SeeInvis .   a - +5 broad axe
rCold   + . .      Faith    .   c - +0 buckler
rNeg    . . .      Spirit   .   m - +5 gold dragon scales
rPois   +          Reflect  .   (no helmet)
rElec   .          Harm     .   (no cloak)
rCorr   .          Rampage  .   (no gloves)
Will    .....      NoTele   +   (no boots)
Stlth   ..........              (no amulet)
HPRegen 0.20/turn               u - +6 ring of strength
MPRegen 0.12/turn               v - +6 ring of strength

@: studying Armour, very slow
A: no striking features
a: Renounce Religion, Bend Time


You were in the Dungeon.
You worshipped Cheibriados.
Cheibriados was pleased with you.
You visited 1 branch

Inventory:

Hand Weapons
 a - a +5 broad axe (weapon)
 b - the +9 heavy crossbow "Sniper" {vorpal, Acc+∞ SInv}
   (You found it in the Dungeon)

   Any ammunition fired from it inflicts extra damage upon your enemies.
   Any ammunition fired from it never misses its target.
   SInv:      It lets you see invisible.
 k - a +5 battleaxe
 l - a +5 executioner's axe
Armour
 c - a +0 buckler (worn)
 m - +5 gold dragon scales (worn)
Jewellery
 u - a +6 ring of strength (left hand)
 v - a +6 ring of strength (right hand)
Wands
 n - a wand of mindburst (7)
 o - a wand of light (6)
Scrolls
 j - 4 scrolls of blinking
 p - 4 scrolls of amnesia
 q - 7 scrolls of fog
 r - 5 scrolls of identify
 s - 2 scrolls of fear
Potions
 d - 6 potions of might
 e - 10 potions of curing
 f - 7 potions of heal wounds
 g - 10 potions of haste
 h - 7 potions of magic
 i - 3 potions of berserk rage
 t - 2 potions of brilliance
 w - 2 potions of invisibility
 x - 4 potions of resistance


   Skills:
 + Level 7.8 Fighting
 * Level 9.2 Axes
 + Level 7.1 Armour
 - Level 5.2 Shields
 + Level 5.4 Invocations
 + Level 4.0 Evocations


You had 5 spell levels left.
You didn't know any spells.
Your spell library contained the following spells:

 Spells                   Type           Power      Damage    Failure   Level
 Shock                    Conj/Air       0%         1d3       100%        1
 Ensorcelled Hibernation  Hex/Ice        0%         N/A       100%        2
 Wereblood                Tmut           0%         N/A       100%        2
 Ice Form                 Ice/Tmut       0%         N/A       100%        4
 Lightning Bolt           Conj/Air       0%         1d11      100%        5
 Yara's Violent Unravell  Hex/Tmut       0%         3d3       100%        5
 Eringya's Noxious Bog    Tmut/Pois      0%         N/A       100%        6
 Malign Gateway           Summ/Tloc      0%         N/A       100%        7


Dungeon Overview and Level Annotations

Branches:
Dungeon (1/1)

Altars:
Ashenzari
Cheibriados
Dithmenos
Elyvilon
Fedhas
Gozag
Hepliaklqana
Kikubaaqudgha
Makhleb
Nemelex Xobeh
Okawaru
Qazlal
Ru
Sif Muna
Trog
Uskayaw
Vehumet
Wu Jian
Xom
Yredelemnul
Zin
The Shining One
Beogh
Jiyva
Lugonu

Annotations:
D 1 transporter


Message History

You feel much better. You block the merfolk's attack.
The merfolk hits you but does no damage.
The merfolk closely misses you. You block the merfolk's attack.
You hit the merfolk.
The merfolk is moderately wounded.
You barely miss the merfolk.
The merfolk is no longer blind.
The merfolk hits you but does no damage.
The merfolk hits you from afar with a +0 trident!
The merfolk hits you with a +0 trident!
* * * LOW HITPOINT WARNING * * *
You block the merfolk's attack.
You feel much better. The merfolk hits you with a +0 trident!
The merfolk hits you but does no damage.
The merfolk hits you from afar with a +0 trident.
The merfolk throws a boomerang.
The boomerang barely misses you.
You slash the merfolk!
The merfolk is severely wounded.
You miss the merfolk.
The merfolk hits you but does no damage.
The merfolk hits you from afar with a +0 trident.
The merfolk hits you but does no damage.
The merfolk hits you from afar with a +0 trident!
You hit the merfolk.
The merfolk is severely wounded.
You hit the merfolk. You block the merfolk's attack.
The merfolk throws a boomerang.
You block the boomerang. The merfolk hits you with a +0 trident.
The merfolk hits you but does no damage.
You closely miss the merfolk.
The merfolk is severely wounded.
You hit the merfolk. You block the merfolk's attack.
The merfolk hits you but does no damage.
The merfolk hits you with a +0 trident!
* * * LOW HITPOINT WARNING * * *
The merfolk hits you but does no damage.
The merfolk throws a boomerang.
The boomerang hits you!
* * * LOW HITPOINT WARNING * * *
The merfolk hits you but does no damage.
The merfolk hits you with a +0 trident!
You die...

▓▓▓▓▓▓▓▓▓▓▓▓▓▓▓▓▓▓▓
▓.8©8.▓.8©8.▓.8©8.▓
▓.):).▓..)..▓.....▓
▓..)..▓.....▓.....▓
▓..m..▓.....▓..)).▓
▓.mmm.▓.....▓.....▓
▓.@...▓...†.▓..©..▓
▓..©..▓..©†.▓▓▓▓▓▓▓
▓▓▓▓▓▓▓▓▓▓▓▓▓


You could see 4 merfolk.

Vanquished Creatures
  3 scorpions (D)
  An orc priest (D)
  An orc wizard (D)
5 creatures vanquished.

Notes
Turn   | Place    | Note
-------+----------+-------------------------------------------
     0 | D        | wilfster70 the Hill Orc Fighter began the quest for the
                  | Orb.
     0 | D        | Reached XP level 1. HP: 19/19 MP: 1/1
     1 | D        | Found a blossoming altar of Fedhas.
     1 | D        | Found the +6 Majin-Bo {vamp, MP+6 Int+6}
     1 | D        | Found the +9 heavy crossbow "Sniper" {vorpal, Acc+∞ SInv}
     1 | D        | Found the +10 dark maul {vorpal}
     1 | D        | Found the +15 Maxwell's patent armour {-Cast -Tele rElec
                  | Will+ rCorr}
     1 | D        | Found the +18 shield of the Gong {rElec rN+ Will+ EV-5}
     1 | D        | Found the +14 obsidian axe {vorpal, Mesm Drain Fly SInv}
     1 | D        | Found the +7 great mace "Firestarter" {inner flame, rF++}
     1 | D        | Found the +6 shillelagh "Devastator" {shatter}
     1 | D        | Found the +11 plutonium sword {Contam Stlth-}
     1 | D        | Found the +8 lance "Wyrmbane" {slay drac, rPois rF+ rC+
                  | AC+3}
     1 | D        | Found the +9 sword of Zonguldrok {reap}
     1 | D        | Found the +13 scythe of Curses {drain, Drain}
     1 | D        | Found the +5 sword of Power {vorpal}
     1 | D        | Found the +7 mace of Variability {chain chaos}
     1 | D        | Found the +7 Singing Sword {vorpal, sonic wave}
     1 | D        | Found the +8 storm bow {elec, penet}
     3 | D        | Found a viscous altar of Jiyva.
     3 | D        | Found a transporter.
     3 | D        | Found a hazy altar of Hepliaklqana.
     3 | D        | Found an ancient bone altar of Kikubaaqudgha.
     3 | D        | Found an opulent altar of Gozag.
     3 | D        | Found a corrupted altar of Lugonu.
    39 | D        | Found a shimmering blue altar of Sif Muna.
    39 | D        | Found a bloodstained altar of Trog.
    39 | D        | Found a sacrificial altar of Ru.
    39 | D        | Found a stormy altar of Qazlal.
    39 | D        | Found an iron altar of Okawaru.
    42 | D        | Found a sparkling altar of Nemelex Xobeh.
    43 | D        | Found a burning altar of Makhleb.
    83 | D        | Reached skill level 5 in Fighting
    83 | D        | Reached skill level 5 in Axes
    83 | D        | Reached skill level 5 in Armour
    83 | D        | Reached skill level 5 in Shields
    83 | D        | Reached XP level 2. HP: 30/30 MP: 2/2
    91 | D        | Became a worshipper of Cheibriados the Contemplative
   106 | D        | Entered arena 2.
   106 | D        | Found a transporter.
   110 | D        | Reached skill level 1 in Invocations
   110 | D        | Reached skill level 1 in Evocations
   110 | D        | Reached XP level 3. HP: 33/37 MP: 2/4
   111 | D        | Reached * piety under Cheibriados
   112 | D        | Reached skill level 6 in Axes
   112 | D        | Reached XP level 4. HP: 41/45 MP: 2/6
   115 | D        | Got the Handbook of Orientation and Transformation
   150 | D        | Entered arena 3.
   150 | D        | Noticed a scorpion
   150 | D        | Noticed a scorpion
   150 | D        | Noticed a scorpion
   150 | D        | Found a transporter.
   154 | D        | Killed a scorpion
   155 | D        | Reached skill level 7 in Axes
   155 | D        | Reached XP level 5. HP: 52/52 MP: 6/8
   156 | D        | Reached ** piety under Cheibriados
   157 | D        | Reached skill level 8 in Axes
   160 | D        | Reached skill level 9 in Axes
   160 | D        | Reached skill level 5 in Invocations
   160 | D        | Reached XP level 6. HP: 59/61 MP: 6/10
   171 | D        | Got the Octavo of the Glacial Storm
   176 | D        | Entered arena 4.
   176 | D        | Noticed a merfolk
   176 | D        | Noticed a merfolk
   176 | D        | Noticed a merfolk
   176 | D        | Noticed a merfolk
   176 | D        | Found a transporter.
   190 | D        | HP: 2/61 [merfolk/boomerang (8)]
   190 | D        | Mangled by a merfolk

Illustrated notes

Levels and vault maps discovered:
D:        sprint_v [room_start, room_1, room_2, room_3, room_4, room_5, room_6,
          room_7, room_8, room_9, room_10, room_11, room_12, room_13, room_14,
          room_15, room_16, room_17, room_18, room_19, room_20, room_21,
          room_22, room_23, room_24, room_25, room_26, room_27]

Skill      XL: |  1  2  3  4  5 |
---------------+----------------+-----
Fighting       | 5 6 7 |  7.8
Axes           | 5 6 7 9 |  9.2
Armour         | 5 6 7 |  7.1
Shields        | 5 |  5.2
Invocations    | 1 2 4 5 |  5.4
Evocations     | 1 2 3 4 |  4.0

Action                   |  1- 3 |  4- 6 || total
-------------------------+-------+-------++-------
Melee: Broad axe         |     4 |    15 ||    19
Evoke: Wand              |       |     1 ||     1
  Use: Potion            |     1 |     3 ||     4
Armor: Gold dragon scale |     2 |    22 ||    24
Dodge: Dodged            |     1 |    10 ||    11
Block: Buckler           |     1 |    11 ||    12

Table legend: (Time is in decaauts)
 A = Elapsed time spent in this place.
 B = Non-inter-level travel time spent in this place.
 C = Inter-level travel time spent in this place.
 D = Time resting spent in this place.
 E = Time spent auto-exploring this place.
 F = Levels seen in this place.
 G = Mean time per level.
                   A        B        C        D        E       F      G
               +--------+--------+--------+--------+--------+-----+--------+
         Total |    208 |    208 |      0 |     28 |      0 |   1 |  208.0 |
       Dungeon |    208 |    208 |      0 |     28 |      0 |   1 |  208.0 |
               +--------+--------+--------+--------+--------+-----+--------+

Top non-repeatable levels by time:
       D: 208 daAuts
